 Dungeon Crawl Stone Soup version 0.22.1-2-g9c5b331383 (webtiles) character file.

210 Ihlosi the Ducker (level 6, -1/37 HPs)
             Began as a Kobold Gladiator on Dec 22, 2018.
             Killed from afar by an orc wizard (7 damage)
             ... with a magic dart
             ... on level 4 of the Dungeon.
             The game lasted 00:06:39 (3087 turns).

Ihlosi the Ducker (Kobold Gladiator)                Turns: 3087, Time: 00:06:40

Health: -1/37      AC:  5    Str: 11    XL:     6   Next: 12%
Magic:  7/7        EV: 17    Int:  9    God:
Gold:   101        SH:  0    Dex: 19    Spells: 7/7 levels left

rFire    . . .     SeeInvis .   a - +0 long sword
rCold    . . .     Gourm    .   (shield restricted)
rNeg     . . .     Faith    .   b - +0 leather armour
rPois    .         Spirit   .   c - +0 helmet
rElec    .         Reflect  .   (no cloak)
rCorr    .         Harm     .   (no gloves)
MR       .....                  h - +0 pair of boots
Stlth    ++........             v - amulet of inaccuracy (curse)
HPRegen  0.12/turn              (no ring)
MPRegen  0.10/turn              (no ring)

@: no status effects
A: small, carnivore
a: no special abilities


You were on level 4 of the Dungeon.
You were very full.

You visited 1 branch of the dungeon, and saw 4 of its levels.

You collected 101 gold pieces.

Inventory:

Hand Weapons
 a - a +0 long sword (weapon)
Missiles
 d - 2 throwing nets (quivered)
 g - 22 bolts
 t - 3 poisoned needles
Armour
 b - a +0 leather armour (worn)
 c - a +0 helmet (worn)
 h - a +0 pair of boots (worn)
 i - a +4 plate armour
 u - a cursed +0 chain mail
Jewellery
 v - a cursed amulet of inaccuracy (around neck)
Wands
 r - a wand of digging (22)
Scrolls
 j - 5 scrolls of teleportation
 k - a scroll of immolation
Potions
 e - a potion of experience {unknown}
 m - a potion of might
Comestibles
 f - 7 rations


   Skills:
 * Level 3.0 Fighting
 + Level 3.2 Long Blades
 - Level 3.0 Throwing
 * Level 1.4 Armour
 * Level 4.8 Dodging
 * Level 2.2 Stealth
 - Level 1.0 Spellcasting


You had 7 spell levels left.
You didn't know any spells.
Your spell library was empty.

Dungeon Overview and Level Annotations

Branches:
Dungeon (4/15)
 Temple: D:4-7

Altars:

Annotations:
D:3 Ijyb


Innate Abilities, Weirdness & Mutations

You are small and have problems with some larger weapons.
You are carnivorous and can eat meat at any time.


Message History

Okay, then.
Throwing (i - inventory)
d - 3 throwing nets (quivered)
Press: ? - help, Shift-Dir - straight line, f - orc wizard
Aim: an orc wizard, wielding a dagger and wearing a robe You throw a throwing net.
The throwing net misses the orc wizard.
The throwing net hits the orc priest.
The orc priest is caught in the net!
The orc wizard casts a spell at you. The magic dart hits you!
The orc priest struggles against the net.
You hit the orc wizard but do no damage.
The orc wizard gestures at you while chanting.
The magic dart hits you!
* * * LOW HITPOINT WARNING * * *
The orc priest struggles against the net.
You hit the orc wizard.
The orc wizard is moderately wounded.
The orc priest struggles against the net.
The orc wizard points at you and mumbles some strange words.
The magic dart hits you!
You die...

#.# #.#
#.#####..
#........
#.#######
#...# #.#.#
#.#.#
#.#@#####..
#..o.......
###o####...
#o# #.# #.#
#.. ###


You could see an orc priest (caught), an orc wizard and an orc.

Vanquished Creatures
  A jelly (D:4)
  A worker ant (D:2)
  A gnoll (D:1)
  5 adders
  4 oozes
  A worm (D:2)
  2 dart slugs
  3 leopard geckos (D:1)
  An orc (D:3)
  11 bats
  6 giant cockroaches
  7 goblins
  5 hobgoblins
  8 jackals
  9 kobolds
  A quokka (D:2)
  7 frilled lizards
  3 rats
76 creatures vanquished.

Notes
Turn   | Place    | Note
-------+----------+-------------------------------------------
     0 | D:1      | Ihlosi the Kobold Gladiator began the quest for the Orb.
     0 | D:1      | Reached XP level 1. HP: 12/12 MP: 1/1
    78 | D:1      | Reached XP level 2. HP: 17/17 MP: 2/2
   211 | D:1      | Reached skill level 4 in Dodging
   315 | D:1      | Reached XP level 3. HP: 13/22 MP: 3/3
   325 | D:1      | Reached skill level 1 in Stealth
   665 | D:1      | Reached XP level 4. HP: 27/27 MP: 5/5
  1275 | D:2      | Reached skill level 1 in Armour
  1301 | D:2      | Reached skill level 1 in Spellcasting
  1356 | D:2      | Reached XP level 5. HP: 25/31 MP: 6/6
  2823 | D:3      | Noticed Ijyb
  2888 | D:4      | Reached XP level 6. HP: 16/37 MP: 7/7
  3087 | D:4      | Killed from afar by an orc wizard

Skill      XL: |  1  2  3  4  5 |
---------------+----------------+-----
Dodging        | 4 |  4.8
Stealth        | 1 2 |  2.2
Armour         | 1 |  1.4
Spellcasting   | 1 |  1.0
Long Blades    | 3 |  3.2
Fighting       | 3 |  3.0
Throwing       | 3 |  3.0

Action                   |  1- 3 |  4- 6 || total
-------------------------+-------+-------++-------
Melee: Long sword        |    72 |   182 ||   254
Throw: Throwing net      |       |     1 ||     1
  Use: Potion            |       |     7 ||     7
       Scroll            |       |     6 ||     6
 Stab: Sleeping          |     1 |     2 ||     3
       Distracted        |       |     1 ||     1
  Eat: Chunk             |     3 |    11 ||    14
Armor: Leather armour    |    13 |    43 ||    56
       Plate armour      |     7 |       ||     7
       Skin              |       |     2 ||     2
Dodge: Dodged            |    81 |   168 ||   249
       Rpst.: Long sword |    24 |    51 ||    75
